TOP OF THE 1ST |
St Charles Sheens batting - Pitching for Kansas City Kings : RHP Cipriano Montáñez
|
Pitching: RHP Cipriano Montáñez
|
|
Batting: RHB Alfredo Rivera
|
0-0: Ball 1-0: Ball 2-0: Swinging Strike 2-1: Fly out, F5 (Line Drive, 56)
|
Batting: LHB Jeff Carter
|
0-0: Ball 1-0: Ball 2-0: Ball 3-0: Base on Balls
|
Batting: RHB Judson Backstrom
|
0-0: Ball 1-0: Called Strike 1-1: Ball 2-1: Foul Ball, location: 2F 2-2: Foul Ball, location: 2F 2-2: Ball 3-2: Foul Ball, location: 2F 3-2: Foul Ball, location: 2F 3-2: SINGLE (Line Drive, 34D) Jeff Carter to second Jeff Carter to third
|
Batting: LHB Bob Ware
|
0-0: Called Strike 0-1: Fly out, F9 (Flyball, 9D) Runner from 3rd tags up, SCORES, no throw
|
Batting: LHB Gene Cooper
|
0-0: Ground out 4-3 (Groundball, 4)
|
Top of the 1st over - 1 run(s), 1 hit(s), 0 error(s), 1 left on base; St Charles 1 - Kansas City 0 |
BOTTOM OF THE 1ST |
Kansas City Kings batting - Pitching for St Charles Sheens : RHP Oscar Wheeler
|
Pitching: RHP Oscar Wheeler
|
|
Batting: RHB Chris Chandler
|
0-0: Ball 1-0: Called Strike 1-1: Ground out 6-3 (Groundball, 6)
|
Batting: LHB Marc Nichols
|
0-0: Ball 1-0: Ball 2-0: Called Strike 2-1: Foul Ball, location: 2F 2-2: Foul Ball, location: 2F 2-2: Strikes out looking
|
Batting: RHB Alonso Ramos
|
0-0: Ball 1-0: Ground out 5-3 (Groundball, 56S)
|
Bottom of the 1st over - 0 run(s), 0 hit(s), 0 error(s), 0 left on base; St Charles 1 - Kansas City 0 |
TOP OF THE 2ND |
St Charles Sheens batting - Pitching for Kansas City Kings : RHP Cipriano Montáñez
|
Batting: RHB Guo-xiu Choi
|
0-0: Called Strike 0-1: Ball 1-1: Bunt for hit - play at first, batter OUT! 1-3
|
Batting: RHB Dan Tyler
|
0-0: Ball 1-0: Foul Ball, location: 2F 1-1: SINGLE (Popup, 8RS)
|
Batting: RHB Xavier Feliciano
|
0-0: Ball Dan Tyler steals 2nd base 1-0: Called Strike 1-1: Foul Ball, location: 2F 1-2: Fly out, F9 (Flyball, 89D) Runner from 2nd tags up, SAFE at 3rd, no throw
|
Batting: SHB Richard Bowman
|
0-0: Ball 1-0: Ball 2-0: Ball 3-0: Called Strike 3-1: Fly out, F7 (Popup, 6D)
|
Top of the 2nd over - 0 run(s), 1 hit(s), 0 error(s), 1 left on base; St Charles 1 - Kansas City 0 |
BOTTOM OF THE 2ND |
Kansas City Kings batting - Pitching for St Charles Sheens : RHP Oscar Wheeler
|
Batting: RHB Toshimichi Kono
|
0-0: Called Strike 0-1: SINGLE (Groundball, 34)
|
Batting: SHB Greg Welch
|
0-0: Swinging Strike 0-1: SINGLE (Groundball, 5D) Toshimichi Kono to second
|
Batting: LHB William Ruffo
|
0-0: Ball 1-0: Ball 2-0: Ground out 4-3 (Groundball, 4M) Toshimichi Kono to third Greg Welch to second
|
Batting: LHB Matt Smith
|
0-0: Called Strike 0-1: Fly out, F4 (Line Drive, 4)
|
Batting: RHB Adrian Prouse
|
0-0: Foul Ball, location: 2F 0-1: Ball 1-1: Ball 2-1: Ball 3-1: Ground out 5-3 (Groundball, 5L)
|
Bottom of the 2nd over - 0 run(s), 2 hit(s), 0 error(s), 2 left on base; St Charles 1 - Kansas City 0 |
TOP OF THE 3RD |
St Charles Sheens batting - Pitching for Kansas City Kings : RHP Cipriano Montáñez
|
Batting: RHB Alfredo Rivera
|
0-0: Ground out 4-3 (Groundball, 4)
|
Batting: LHB Jeff Carter
|
0-0: Foul Ball, location: 2F 0-1: Ball 1-1: Ground out 5-3 (Groundball, 5S)
|
Batting: RHB Judson Backstrom
|
0-0: Called Strike 0-1: Ground out 6-3 (Groundball, 6)
|
Top of the 3rd over - 0 run(s), 0 hit(s), 0 error(s), 0 left on base; St Charles 1 - Kansas City 0 |
BOTTOM OF THE 3RD |
Kansas City Kings batting - Pitching for St Charles Sheens : RHP Oscar Wheeler
|
Batting: RHB Matt Richards
|
0-0: Bunted foul 0-1: Ball 1-1: Ball 2-1: Swinging Strike 2-2: Foul Ball, location: 2F 2-2: Foul Ball, location: 2F 2-2: Strikes out looking
|
Batting: RHB Chris Chandler
|
0-0: Ball 1-0: Ball 2-0: Ball 3-0: Called Strike 3-1: Ground out U3 (Groundball, 3)
|
Batting: LHB Marc Nichols
|
0-0: Called Strike 0-1: Foul Ball, location: 2F 0-2: Ball 1-2: Ball 2-2: Foul Ball, location: 2F 2-2: Strikes out swinging
|
Bottom of the 3rd over - 0 run(s), 0 hit(s), 0 error(s), 0 left on base; St Charles 1 - Kansas City 0 |
TOP OF THE 4TH |
St Charles Sheens batting - Pitching for Kansas City Kings : RHP Cipriano Montáñez
|
Batting: LHB Bob Ware
|
0-0: Ball 1-0: SINGLE (Groundball, 4M)
|
Batting: LHB Gene Cooper
|
0-0: Ball 1-0: SINGLE (Groundball, 4M) Bob Ware to second Runner from 2nd tries for 3rd, SAFE, no throw or cutoff
|
Batting: RHB Guo-xiu Choi
|
0-0: Ball 1-0: 3-RUN HOME RUN (Flyball, 78XD), Distance : 378 ft
|
Batting: RHB Dan Tyler
|
0-0: Ball 1-0: Ball 2-0: Called Strike 2-1: Ball 3-1: Called Strike 3-2: Ground out 6-3 (Groundball, 56D)
|
Batting: RHB Xavier Feliciano
|
0-0: Ball 1-0: Called Strike 1-1: Foul Ball, location: 2F 1-2: Ball 2-2: SINGLE (Groundball, 6MD)
|
Batting: SHB Richard Bowman
|
0-0: Ball 1-0: Foul Ball, location: 2F 1-1: Foul Ball, location: 2F 1-2: Grounds into double play, U4-3 (Groundball, 4)
|
Top of the 4th over - 3 run(s), 4 hit(s), 0 error(s), 0 left on base; St Charles 4 - Kansas City 0 |
BOTTOM OF THE 4TH |
Kansas City Kings batting - Pitching for St Charles Sheens : RHP Oscar Wheeler
|
Batting: RHB Alonso Ramos
|
0-0: Ball 1-0: Foul Ball, location: 2F 1-1: Foul Ball, location: 2F 1-2: Ball 2-2: Strikes out swinging
|
Batting: RHB Toshimichi Kono
|
0-0: Called Strike 0-1: Fly out, F5 (Popup, 56S)
|
Batting: SHB Greg Welch
|
0-0: Swinging Strike 0-1: Ball 1-1: Ball 2-1: Foul Ball, location: 2F 2-2: Strikes out swinging
|
Bottom of the 4th over - 0 run(s), 0 hit(s), 0 error(s), 0 left on base; St Charles 4 - Kansas City 0 |
TOP OF THE 5TH |
St Charles Sheens batting - Pitching for Kansas City Kings : RHP Cipriano Montáñez
|
Batting: RHB Alfredo Rivera
|
0-0: Ball 1-0: Called Strike 1-1: Ball 2-1: Ball 3-1: DOUBLE (Line Drive, 5D)
|
Batting: LHB Jeff Carter
|
0-0: Called Strike 0-1: Foul Ball, location: 2F 0-2: Foul Ball, location: 2F 0-2: Ball 1-2: Ball 2-2: Ground out 4-3 (Groundball, 4M) Alfredo Rivera to third
|
Batting: RHB Judson Backstrom
|
0-0: Foul Ball, location: 2F 0-1: SINGLE (Groundball, 3L) Alfredo Rivera scores
|
Batting: LHB Bob Ware
|
0-0: Ground out 4-3 (Groundball, 4M) Judson Backstrom to second
|
Batting: LHB Gene Cooper
|
0-0: Ball 1-0: Ball 2-0: Ball 3-0: Base on Balls
|
Batting: RHB Guo-xiu Choi
|
0-0: Ball 1-0: Fly out, F8 (Flyball, 78XD)
|
Top of the 5th over - 1 run(s), 2 hit(s), 0 error(s), 2 left on base; St Charles 5 - Kansas City 0 |
BOTTOM OF THE 5TH |
Kansas City Kings batting - Pitching for St Charles Sheens : RHP Oscar Wheeler
|
Batting: LHB William Ruffo
|
0-0: Ball 1-0: Foul Ball, location: 2F 1-1: Ball 2-1: Foul Ball, location: 2F 2-2: Fly out, F4 (Popup, 4D)
|
Batting: LHB Matt Smith
|
0-0: Ball 1-0: SINGLE (Line Drive, 56D)
|
Batting: RHB Adrian Prouse
|
0-0: Called Strike 0-1: Ball 1-1: Foul Ball, location: 2F 1-2: Strikes out looking
|
Batting: RHB Matt Richards
|
0-0: Called Strike 0-1: Fielders Choice at 2nd, 5-4 (Groundball, 56)
|
Bottom of the 5th over - 0 run(s), 1 hit(s), 0 error(s), 0 left on base; St Charles 5 - Kansas City 0 |
TOP OF THE 6TH |
St Charles Sheens batting - Pitching for Kansas City Kings : RHP Cipriano Montáñez
|
Batting: RHB Dan Tyler
|
0-0: Ball 1-0: Called Strike 1-1: Called Strike 1-2: Ball 2-2: Ground out 1-3 (Groundball, 15S)
|
Batting: RHB Xavier Feliciano
|
0-0: Ground out 1-3 (Groundball, 15)
|
Batting: SHB Richard Bowman
|
0-0: Ground out 4-3 (Groundball, 4)
|
Top of the 6th over - 0 run(s), 0 hit(s), 0 error(s), 0 left on base; St Charles 5 - Kansas City 0 |
BOTTOM OF THE 6TH |
Kansas City Kings batting - Pitching for St Charles Sheens : RHP Oscar Wheeler
|
Batting: RHB Chris Chandler
|
0-0: Ball 1-0: Called Strike 1-1: Ball 2-1: Ball 3-1: Called Strike 3-2: Foul Ball, location: 2F 3-2: Strikes out swinging
|
Batting: LHB Marc Nichols
|
0-0: Ball 1-0: SOLO HOME RUN (Line Drive, 9LD), Distance : 384 ft
|
Batting: RHB Alonso Ramos
|
0-0: Called Strike 0-1: Ball 1-1: Ball 2-1: Foul Ball, location: 2F 2-2: Ball 3-2: Foul Ball, location: 2F 3-2: Strikes out swinging
|
Batting: RHB Toshimichi Kono
|
0-0: Ball 1-0: Ball 2-0: Swinging Strike 2-1: Foul Ball, location: 2F 2-2: Strikes out swinging
|
Bottom of the 6th over - 1 run(s), 1 hit(s), 0 error(s), 0 left on base; St Charles 5 - Kansas City 1 |
TOP OF THE 7TH |
St Charles Sheens batting - Pitching for Kansas City Kings : RHP Cipriano Montáñez
|
Batting: RHB Alfredo Rivera
|
0-0: Ground out 3-1 (Groundball, 34)
|
Batting: LHB Jeff Carter
|
0-0: SINGLE (Flyball, 8RS)
|
Batting: RHB Judson Backstrom
|
0-0: Ball 1-0: Called Strike 1-1: Ball 2-1: Grounds into double play, 6-4-3 (Groundball, 6)
|
Top of the 7th over - 0 run(s), 1 hit(s), 0 error(s), 0 left on base; St Charles 5 - Kansas City 1 |
BOTTOM OF THE 7TH |
Kansas City Kings batting - Pitching for St Charles Sheens : RHP Oscar Wheeler
|
Batting: SHB Greg Welch
|
0-0: Ball 1-0: Ground out 4-3 (Groundball, 4M)
|
Batting: LHB William Ruffo
|
0-0: Foul Ball, location: 2F 0-1: Ball 1-1: Swinging Strike 1-2: Strikes out looking
|
Batting: LHB Matt Smith
|
0-0: Called Strike 0-1: Swinging Strike 0-2: Ball 1-2: Foul Ball, location: 2F 1-2: Foul Ball, location: 2F 1-2: Hit by Pitch
|
Batting: RHB Adrian Prouse
|
0-0: Ball 1-0: Called Strike 1-1: Ball 2-1: Swinging Strike 2-2: Foul Ball, location: 2F 2-2: Foul Ball, location: 2F 2-2: Hit by Pitch Matt Smith to second
|
Batting: RHB Matt Richards
|
0-0: Reached on error, E5 (Groundball, 56S) Matt Smith to third Adrian Prouse to second
|
Batting: RHB Chris Chandler
|
0-0: Called Strike 0-1: Foul Ball, location: 2F 0-2: Ball 1-2: Strikes out swinging
|
Bottom of the 7th over - 0 run(s), 0 hit(s), 1 error(s), 3 left on base; St Charles 5 - Kansas City 1 |
TOP OF THE 8TH |
St Charles Sheens batting - Pitching for Kansas City Kings : RHP Cipriano Montáñez
|
Batting: LHB Bob Ware
|
0-0: Ball 1-0: Ball 2-0: Foul Ball, location: 2F 2-1: Fly out, F8 (Line Drive, 89D)
|
Batting: LHB Gene Cooper
|
0-0: Called Strike 0-1: Ball 1-1: Ball 2-1: Ball 3-1: Called Strike 3-2: SINGLE (Groundball, 4M)
|
Batting: RHB Guo-xiu Choi
|
0-0: Swinging Strike 0-1: Foul Ball, location: 2F 0-2: Ball 1-2: Foul Ball, location: 2F 1-2: Ball 2-2: Ball 3-2: Ground out U3 (Groundball, 3S) Gene Cooper to second
|
Pitching: RHP Alberto Márquez
|
|
Batting: RHB Dan Tyler
|
0-0: Ball 1-0: SINGLE (Flyball, 7S) Gene Cooper to third Runner from 3rd tries for Home, SAFE, no throw or cutoff
|
Batting: RHB Xavier Feliciano
|
0-0: Called Strike 0-1: Ball 1-1: Ball 2-1: Called Strike 2-2: Ball Dan Tyler is caught stealing 2nd base
|
Top of the 8th over - 1 run(s), 2 hit(s), 0 error(s), 0 left on base; St Charles 6 - Kansas City 1 |
BOTTOM OF THE 8TH |
Kansas City Kings batting - Pitching for St Charles Sheens : RHP Oscar Wheeler
|
Pitching: RHP Ulric Duval
|
|
Batting: LHB Marc Nichols
|
0-0: Called Strike 0-1: Ball 1-1: Swinging Strike 1-2: SINGLE (Groundball, 4MD)
|
Batting: RHB Alonso Ramos
|
0-0: Called Strike 0-1: Called Strike 0-2: Ball 1-2: Ball 2-2: Ball 3-2: Base on Balls Marc Nichols to second
|
Batting: RHB Toshimichi Kono
|
0-0: Ball 1-0: Foul Ball, location: 2F 1-1: Foul Ball, location: 2F 1-2: Ball 2-2: Foul Ball, location: 2F 2-2: Fielders Choice at 2nd, 1-6 (Groundball, 25) Marc Nichols to third
|
Batting: SHB Greg Welch
|
0-0: Ball 1-0: Ball 2-0: Called Strike 2-1: Ball 3-1: Foul Ball, location: 2F 3-2: DOUBLE (Groundball, 3L) Marc Nichols scores Toshimichi Kono to third
|
Pitching: RHP Paco Canpos
|
|
Batting: LHB William Ruffo
|
0-0: Ball 1-0: Called Strike 1-1: Swinging Strike 1-2: Strikes out swinging
|
Pitching: LHP Shan Liu
|
|
Batting: LHB Matt Smith
|
0-0: Called Strike 0-1: Ground out 3-1 (Groundball, 34S)
|
Bottom of the 8th over - 1 run(s), 2 hit(s), 0 error(s), 2 left on base; St Charles 6 - Kansas City 2 |
TOP OF THE 9TH |
St Charles Sheens batting - Pitching for Kansas City Kings : RHP Alberto Márquez
|
Batting: RHB Xavier Feliciano
|
0-0: Ball 1-0: DOUBLE (Groundball, 5L)
|
Batting: SHB Richard Bowman
|
0-0: Called Strike 0-1: Swinging Strike 0-2: Strikes out swinging
|
Batting: RHB Alfredo Rivera
|
0-0: Called Strike 0-1: Ball 1-1: Swinging Strike 1-2: Foul Ball, location: 2F 1-2: Foul Ball, location: 2F 1-2: Foul Ball, location: 2F 1-2: Ball 2-2: Ball 3-2: Strikes out swinging
|
Batting: LHB Jeff Carter
|
0-0: Called Strike 0-1: Ball 1-1: Foul Ball, location: 2F 1-2: Ball 2-2: Ball 3-2: Base on Balls
|
Batting: RHB Judson Backstrom
|
0-0: Ball 1-0: Ball 2-0: Foul Ball, location: 2F 2-1: Fly out, F9 (Flyball, 9D)
|
Top of the 9th over - 0 run(s), 1 hit(s), 0 error(s), 2 left on base; St Charles 6 - Kansas City 2 |
BOTTOM OF THE 9TH |
Kansas City Kings batting - Pitching for St Charles Sheens : LHP Shan Liu
|
Pitching: RHP Juan Rivera
|
|
Batting: RHB Adrian Prouse
|
0-0: Called Strike 0-1: Ball 1-1: Foul Ball, location: 2F 1-2: Ball 2-2: Ball 3-2: Foul Ball, location: 2F 3-2: Foul Ball, location: 2F 3-2: Fly out, F3 (Popup, 3SF)
|
Batting: RHB Matt Richards
|
0-0: Foul Ball, location: 2F 0-1: Ball 1-1: Ball 2-1: Fly out, F8 (Line Drive, 8LM)
|
Batting: RHB Chris Chandler
|
0-0: Ball 1-0: Ball 2-0: Called Strike 2-1: Foul Ball, location: 2F 2-2: Strikes out swinging
|
Bottom of the 9th over - 0 run(s), 0 hit(s), 0 error(s), 0 left on base; St Charles 6 - Kansas City 2 |
|